Map: Abyssal Reef LE

Players

PiG - Winner!

  • Race: Zerg Zerg
  • League: Grandmaster
  • Spawn Location: 11:00

yungCreach (Creature)

  • Race: Protoss Protoss
  • League: Master
  • Spawn Location: 5:00

VOD

https://www.youtube.com/watch?v=ZsNU1hLj5mg

Description

Showing how to defend archon drops

Time

  • Played on: Feb. 19, 2017, 1:15 a.m.
  • Length: 10:58
Show
View Real Time Build Order
Export as new Build Order

PiG Zerg - Winner!

Build Orders: Hatch First 

Get SALT Encoding   

  12  0:01  Drone  
  13  0:13  Overlord  
  13  0:19  Drone  
  14  0:31  Drone x2  
  16  0:37  Drone  
  17  0:52  Hatchery  
  17  0:55  Drone  
  17  0:59  Drone  
  18  1:11  Extractor  
  17  1:14  Spawning Pool  
  17  1:17  Drone  
  17  1:21  Drone  
  18  1:29  Drone  
  19  1:39  Overlord  
  19  1:50  Drone  
  20  2:01  Queen  
  20  2:02  Zergling x2  
  20  2:03  Queen  
  20  2:04  Zergling x2  
  26  2:12  Drone  
  26  2:14  Metabolic Boost  
  27  2:22  Drone  
  28  2:28  Drone x2  
  30  2:35  Drone  
  31  2:41  Hatchery  
  30  2:45  Drone x2  
  30  2:48  Zergling x2  
  33  2:54  Overlord  
  33  2:57  Drone  
  34  3:11  Drone  
  34  3:13  Queen  
  34  3:18  Drone x4  
  34  3:19  Drone x2  
  42  3:25  Overlord  
  42  3:33  Extractor  
  41  3:36  Drone x2  
  41  3:37  Drone  
  44  3:41  Lair  
  44  3:45  Drone  
  45  3:52  Queen  
  45  3:53  Queen  
  49  4:00  Drone  
  49  4:02  Roach Warren  
  49  4:04  Drone x2  
  49  4:05  Drone x5  
  56  4:10  Overlord  
  56  4:16  Overlord  
  56  4:17  Overlord  
  56  4:22  Overlord  
  56  4:29  Drone x2  
  58  4:34  Overlord x3  
  58  4:37  Spore Crawler  
  57  4:40  Spore Crawler  
  55  4:48  Roach x4  
  55  4:49  Roach x2  
  67  4:57  Overseer  
  67  5:04  Roach x3  
  73  5:13  Roach x3  
  77  5:14  Drone x6  
  83  5:25  Drone x5  
  88  5:41  Overlord x2  
  86  5:51  Drone x2  
  86  5:52  Drone x4, Extractor, Baneling Nest  
  86  5:54  Evolution Chamber  
  89  6:05  Drone x3  
  89  6:06  Drone  
  89  6:08  Drone  
  94  6:11  Extractor  
  94  6:15  Drone x3  
  96  6:18  Extractor  
  96  6:19  Hatchery, Zerg Melee Weapons Level 1  
  96  6:20  Drone x3  
  97  6:28  Hatchery  
  96  6:35  Ravager x4  
  96  6:36  Ravager  
  96  6:37  Zergling x20  
  96  6:38  Hatchery, Overseer  
  110  6:52  Ravager  
  110  6:53  Ravager x2  
  113  6:54  Zergling x12  
  119  7:06  Centrifical Hooks  
  119  7:10  Overlord x2  
  119  7:11  Overlord x3  
  119  7:24  Ravager x2  
  119  7:27  Zergling x18  
  130  7:37  Zergling x6  
  130  7:42  Drone  
  130  7:43  Drone x6  
  140  7:47  Zergling x6  
  140  7:50  Zergling x4  
  145  7:52  Baneling x14  
  145  7:53  Baneling x4  
  145  7:59  Zergling x16  
  153  8:07  Zergling x10  
  153  8:11  Baneling x5  
  153  8:12  Baneling  
  158  8:16  Zergling x20  
  158  8:19  Zergling x2  
  169  8:20  Baneling x7  
  169  8:21  Baneling x4  
  169  8:25  Extractor  
  165  8:36  Queen  
  167  8:41  Overlord x2  
  167  8:43  Zergling x20  
  165  8:55  Baneling  
  165  8:56  Baneling x11  
  165  9:04  Zergling x22  
  165  9:08  Zergling x16  
  184  9:13  Infestation Pit  
  183  9:19  Zergling x12  
  189  9:32  Zergling x12  
  177  9:53  Zergling x28  
  177  9:58  Drone x3  
  182  10:00  Drone x3  
  177  10:14  Baneling  
  177  10:15  Baneling x7  
  177  10:17  Zergling x28  
  177  10:18  Zergling x2  
  192  10:34  Zergling x12  
  192  10:35  Zergling x6  
Show
View Real Time Build Order
Export as new Build Order

yungCreach Protoss 

Build Orders: 1 Gate Expand, Zealot Archon, Dark Templar Rush 

Get SALT Encoding   

  12  0:00  Probe (Chrono Boost)  
  13  0:11  Probe (Chrono Boost)  
  14  0:22  Pylon  
  14  0:24  Probe (Chrono Boost)  
  15  0:41  Probe (Chrono Boost), Gateway  
  16  0:51  Probe (Chrono Boost)  
  16  0:52  Assimilator  
  17  1:02  Probe (Chrono Boost)  
  18  1:12  Probe (Chrono Boost)  
  19  1:22  Nexus  
  19  1:26  Probe (Chrono Boost)  
  20  1:36  Cybernetics Core  
  20  1:38  Probe (Chrono Boost)  
  21  1:43  Assimilator  
  21  1:49  Probe (Chrono Boost)  
  21  1:53  Pylon  
  22  1:59  Probe (Chrono Boost)  
  23  2:10  Adept  
  23  2:12  Probe (Chrono Boost), Warp Gate  
  26  2:24  Probe (Chrono Boost)  
  27  2:32  Twilight Council  
  27  2:35  Probe (Chrono Boost)  
  27  2:36  Probe (Chrono Boost), Adept  
  31  2:46  Probe x2 (Chrono Boost)  
  33  2:56  Probe (Chrono Boost)  
  33  2:57  Robotics Facility  
  34  2:59  Probe (Chrono Boost)  
  35  3:07  Probe (Chrono Boost)  
  35  3:12  Probe (Chrono Boost)  
  37  3:17  Probe (Chrono Boost)  
  38  3:20  Dark Shrine  
  38  3:22  Probe (Chrono Boost)  
  39  3:28  Probe (Chrono Boost)  
  39  3:33  Probe (Chrono Boost)  
  41  3:35  Gateway  
  41  3:36  Gateway  
  41  3:38  Probe (Chrono Boost)  
  41  3:40  Gateway  
  42  3:42  Warp Prism  
  44  3:51  Pylon  
  44  3:53  Probe (Chrono Boost)  
  46  3:57  Probe (Chrono Boost), Assimilator  
  46  4:00  Assimilator  
  46  4:08  Pylon  
  48  4:10  Probe (Chrono Boost)  
  48  4:11  Probe (Chrono Boost)  
  48  4:14  Pylon  
  48  4:20  Probe (Chrono Boost)  
  48  4:23  Probe (Chrono Boost)  
  50  4:31  Probe (Chrono Boost)  
  51  4:35  Probe (Chrono Boost)  
  51  4:37  Dark Templar x2  
  51  4:38  Dark Templar x2  
  60  4:41  Probe (Chrono Boost)  
  61  4:48  Probe (Chrono Boost)  
  62  4:55  Probe (Chrono Boost)  
  64  5:00  Probe (Chrono Boost)  
  64  5:06  Probe (Chrono Boost), Nexus  
  65  5:12  Probe (Chrono Boost)  
  66  5:16  Probe (Chrono Boost)  
  67  5:22  Pylon  
  67  5:24  Probe (Chrono Boost), Pylon  
  67  5:26  Archon x2  
  67  5:27  Probe (Chrono Boost)  
  69  5:33  Charge  
  70  5:35  Immortal  
  70  5:36  Probe (Chrono Boost)  
  70  5:41  Probe (Chrono Boost), Pylon  
  77  5:50  Mothership Core (Chrono Boost)  
  77  5:52  Probe (Chrono Boost)  
  78  6:02  Probe (Chrono Boost)  
  69  6:06  Dark Templar x2  
  69  6:07  Dark Templar x2  
  69  6:10  Probe (Chrono Boost)  
  78  6:13  Gateway  
  78  6:14  Gateway  
  78  6:15  Archon x2, Immortal  
  78  6:17  Gateway x2  
  78  6:23  Probe (Chrono Boost)  
  78  6:24  Probe (Chrono Boost)  
  78  6:25  Probe (Chrono Boost)  
  85  6:32  Assimilator x2  
  85  6:34  Pylon  
  85  6:36  Robotics Bay  
  85  6:37  Probe (Chrono Boost)  
  87  6:40  Probe (Chrono Boost), Sentry  
  87  6:42  Pylon  
  87  6:43  Probe (Chrono Boost)  
  87  6:46  Pylon  
  90  6:48  Probe (Chrono Boost)  
  90  6:52  Probe (Chrono Boost)  
  93  6:54  Probe (Chrono Boost)  
  93  6:57  Observer  
  94  7:03  Probe (Chrono Boost)  
  96  7:10  Probe (Chrono Boost), Zealot x3  
  96  7:13  Probe (Chrono Boost), Warp Prism  
  96  7:14  Blink  
  103  7:17  Robotics Facility  
  105  7:30  Stalker x5  
  105  7:31  Stalker  
  105  7:36  Pylon  
  117  7:37  Pylon  
  117  7:44  Disruptor  
  117  7:45  Forge, Pylon  
  120  7:57  Probe (Chrono Boost)  
  121  7:59  Pylon x2  
  121  8:01  Disruptor  
  121  8:08  Stalker x2  
  121  8:09  Stalker  
  130  8:14  Pylon  
  130  8:17  Disruptor  
  130  8:25  Nexus  
  133  8:32  Disruptor  
  131  8:37  Probe (Chrono Boost)  
  131  8:40  Pylon  
  131  8:49  Adept x3  
  131  8:50  Adept x3, Zealot  
  131  8:51  Disruptor, Zealot  
  131  8:52  Probe (Chrono Boost)  
  137  8:56  Probe (Chrono Boost)  
  140  9:06  Photon Cannon  
  140  9:09  Probe (Chrono Boost), Gateway  
  141  9:11  Gateway  
  141  9:14  Photon Cannon  
  141  9:19  Probe (Chrono Boost), Dark Templar x3  
  141  9:23  Archon, Dark Templar  
  150  9:27  Archon  
  150  9:33  Disruptor  
  150  9:36  Probe (Chrono Boost)  
  155  9:47  Probe (Chrono Boost), Zealot x4  
  156  9:58  Probe (Chrono Boost)  
  145  10:00  Probe (Chrono Boost), Dark Templar x4  
  140  10:08  Probe (Chrono Boost)  
  140  10:11  Archon  
  140  10:12  Archon  
  139  10:17  Zealot x3  
  139  10:18  Zealot  
  135  10:22  Dark Templar  
  135  10:27  Probe (Chrono Boost)  
  100  10:45  Zealot x5  
  65  10:51  Zealot  
Tags
 
Add a new tag
Caveats
  • Supply blocks, unpowered buildings, or Contaminate may cause inaccurate times.
  • Supply counts are checked every 10 seconds.